 Dungeon Crawl Stone Soup version 0.19.4-9-g45fd643 (webtiles) character file.

15554 Gorglomux the Grappler (level 12, -3/110 HPs)
             Began as a Troll Monk on Feb 19, 2017.
             Was a High Priest of Okawaru.
             Slain by an eight-headed hydra (13 damage)
             ... on level 11 of the Dungeon.
             The game lasted 00:23:15 (8736 turns).

Gorglomux the Grappler (Troll Monk)                 Turns: 8736, Time: 00:23:18

Health: -3/110     AC:  9    Str: 26    XL:     12   Next: 2%
Magic:  14/14      EV: 12    Int:  6    God:    Okawaru [*****.]
Gold:   383        SH: 18    Dex: 12    Spells: 0 memorised, 11 levels left

rFire  . . .     SeeInvis +       - Unarmed
rCold  . . .     Gourm    +     y - +0 troll leather armour
rNeg   . . .     Faith    .     N - +0 large shield
rPois  .         Spirit   .     (helmet restricted)
rElec  .         Reflect  .     O - +1 cloak
rCorr  .         Harm     .     (gloves unavailable)
MR     .....                    (boots unavailable)
Stlth  +.........               T - amulet of the gourmand
                                s - ring of see invisible
                                j - +3 ring of evasion

@: no status effects
A: unfitting armour, claws 3, fast metabolism 3, gourmand, regeneration 1,
shaggy fur 1, tough skin 2
a: Heroism, Finesse, Renounce Religion


You were on level 11 of the Dungeon.
You worshipped Okawaru.
Okawaru was extremely pleased with you.
You were completely stuffed.

You visited 2 branches of the dungeon, and saw 12 of its levels.
You also visited: Bailey.

You collected 663 gold pieces.
You spent 280 gold pieces at shops.

Inventory:

Missiles
 w - 12 javelins of returning (quivered)
 Z - a throwing net
Armour
 y - a +0 troll leather armour (worn)
 N - a +0 large shield (worn)
 O - a +1 cloak (worn)
Jewellery
 j - a +3 ring of evasion (left claw)
 s - a ring of see invisible (right claw)
 J - an uncursed ring of fire
 T - an amulet of the gourmand (around neck)
Wands
 C - a wand of random effects (4/48)
 H - a wand of slowing (6/48)
 I - a wand of flame (40/48)
Scrolls
 h - 2 scrolls of recharging
 i - a scroll of immolation
 t - a scroll of enchant armour {unknown}
 v - 4 scrolls of enchant weapon
 z - a scroll of random uselessness {unknown}
 A - 2 scrolls of fog {unknown}
 B - a scroll of blinking
 D - a scroll of remove curse
 E - a scroll of fear
 M - a scroll of magic mapping
 Q - a scroll of amnesia {unknown}
Potions
 e - 2 potions of flight
 g - a potion of resistance
 u - a potion of cure mutation {!q}
 x - 13 potions of degeneration
 F - a potion of magic
 G - 3 potions of haste
 U - a potion of mutation
 V - 4 potions of curing
 W - 2 potions of lignification
 Y - 2 potions of heal wounds
Books
 K - a book of Minor Magic

   Spells                             Type                      Level
   a - Magic Dart                     Conjuration                  1
   b - Blink                          Translocation                2
   c - Call Imp                       Summoning                    2
   d - Repel Missiles                 Charms/Air                   2
   e - Slow                           Hexes                        2
   f - Conjure Flame                  Conjuration/Fire             3
   g - Mephitic Cloud                 Conjuration/Poison/Air       3
Miscellaneous
 o - a disc of storms
Comestibles
 b - 7 bread rations
 p - 3 chunks of flesh
 q - 9 royal jellies
 L - 2 meat rations
 P - 2 beef jerkies
 S - 13 fruits
 X - 3 slices of pizza


   Skills:
 - Level 4.8 Fighting
 + Level 3.9 Throwing
 - Level 4.0 Armour
 - Level 3.7 Dodging
 - Level 1.0 Stealth
 - Level 9.5 Shields
 - Level 12.5 Unarmed Combat
 - Level 4.4 Invocations
 - Level 2.3 Evocations


You had 11 spell levels left.
You didn't know any spells.

Dungeon Overview and Level Annotations

Branches:
Dungeon (11/15)            Temple (1/1) D:6
   Lair: D:8-11         Orc: D:9-12

Altars:
Ashenzari
Cheibriados
Dithmenos
Elyvilon
Fedhas
Gozag
Hepliaklqana
Kikubaaqudgha
Makhleb
Nemelex Xobeh
Okawaru
Qazlal
Ru
Sif Muna
Trog
Uskayaw
Vehumet
Xom
Yredelemnul
Zin
The Shining One

Shops:
D:4 (   D:8 (   D:10 *


Innate Abilities, Weirdness & Mutations

You are too large for most types of armour.
You have claws for hands.
Your metabolism is lightning-fast.
You like to eat raw meat.
Your natural rate of healing is unusually fast.
You are covered in fur. (AC +1)
You have very tough skin. (AC +2)


Message History

You throw a large rock {god gift}.
The large rock {god gift} barely misses the eight-headed hydra.
The eight-headed hydra bites you!
You block the eight-headed hydra's attack. x2
The eight-headed hydra bites you. x2
The eight-headed hydra barely misses you.
The eight-headed hydra bites you! x2
You block the eight-headed hydra's attack.
The eight-headed hydra bites you.
* * * LOW HITPOINT WARNING * * *
The eight-headed hydra bites you!
* * * LOW HITPOINT WARNING * * *
The eight-headed hydra bites you.
* * * LOW HITPOINT WARNING * * *
The eight-headed hydra bites you!
* * * LOW HITPOINT WARNING * * *
The eight-headed hydra bites you but does no damage.
The eight-headed hydra barely misses you.
The eight-headed hydra bites you!
You die...

....###............#
#......# #............#
#......# #............#
#......# #......###...#
#......# #......# #...#
#......# #......# #...#
#......# #......# ...#
#......# #......# #...#
#.....@# #......# #...#
#....D.# #......# #...#
..###...(..# #...>..# #...#
#...........###......# #...#
#......(.............# #...#
#....................###...#
#............##............#
#...(........##.........(...
#........)...##......###..##


You could see an eight-headed hydra.

Vanquished Creatures
  3 hill giants
  Pikel (D:7)
  An ugly thing (D:11)
  A manticore (D:11)
  A centaur skeleton (D:10)
  The ghost of Gorglomux the Ruffian, an amateur TrMo (D:4)
  2 trolls
  A hornet (D:10)
  A hippogriff (D:11)
  Prince Ribbit (D:8)
  A wraith (D:9)
  5 yaks (D:10)
  Grum (D:10)
  Menkaure (D:4)
  2 soldier ants (D:10)
  13 orc warriors
  5 sky beasts
  An ice beast (D:10)
  2 phantoms (D:9)
  3 ogres
  3 wolves (D:10)
  12 centaurs
  A big kobold (D:9)
  6 bullfrogs
  A scorpion (D:4)
  A wyvern skeleton (D:10)
  9 killer bees
  3 wights (D:7)
  3 howler monkeys
  3 crimson imps
  2 bullfrog zombies
  4 jellies
  4 lava snakes (D:9)
  A quasit (D:10)
  9 orc priests
  3 hounds
  5 orc wizards
  3 bullfrog skeletons
  An iguana (D:7)
  11 worker ants
  A hound skeleton (D:4)
  2 worker ant zombies (D:10)
  9 gnolls
  8 adders
  A howler monkey skeleton (D:4)
  6 shadow imps
  An ooze (D:2)
  An adder zombie (D:6)
  An adder skeleton (D:6)
  A dart slug (D:3)
  3 worms
  6 leopard geckos
  45 orcs
  6 giant cockroaches
  9 goblins
  8 hobgoblins
  9 jackals
  2 quokkas
  4 bats
  7 frilled lizards
  A jackal skeleton (D:6)
  14 kobolds
  2 quokka skeletons
  A quokka zombie (D:5)
  10 rats
  A spectral orc (D:2)
291 creatures vanquished.

Vanquished Creatures (others)
  3 slaves (D:7)
  A howler monkey (D:7)
  5 orcs (D:5)
  A frilled lizard (D:2)
  A leopard gecko zombie (D:7)
11 creatures vanquished.

Grand Total: 302 creatures vanquished

Notes
Turn   | Place    | Note
-------+----------+-------------------------------------------
     0 | D:1      | Gorglomux the Troll Monk began the quest for the Orb.
     0 | D:1      | Reached XP level 1. HP: 22/22 MP: 0/0
   235 | D:1      | Reached XP level 2. HP: 17/29 MP: 1/1
   369 | D:1      | Reached skill level 4 in Unarmed Combat
   529 | D:2      | Reached XP level 3. HP: 34/36 MP: 2/2
   680 | D:2      | Found a sparkling altar of Nemelex Xobeh.
   742 | D:2      | Found a basalt altar of Yredelemnul.
   906 | D:2      | Found a blossoming altar of Fedhas.
  1227 | D:3      | Reached skill level 5 in Unarmed Combat
  1227 | D:3      | Reached XP level 4. HP: 44/44 MP: 3/3
  1460 | D:3      | Noticed a sky beast
  1472 | D:3      | Killed a sky beast
  1472 | D:3      | Reached skill level 6 in Unarmed Combat
  1472 | D:3      | Reached XP level 5. HP: 33/50 MP: 4/4
  2095 | D:4      | Reached skill level 1 in Shields
  2095 | D:4      | Reached XP level 6. HP: 56/59 MP: 5/5
  2117 | D:4      | Found Zisioma's Weapon Emporium.
  2122 | D:4      | Noticed Menkaure
  2128 | D:4      | Killed Menkaure
  2128 | D:4      | Reached skill level 7 in Unarmed Combat
  2312 | D:4      | Noticed Gorglomux's ghost (amateur TrMo)
  2360 | D:4      | Killed Gorglomux's ghost
  2360 | D:4      | Reached skill level 3 in Shields
  2360 | D:4      | Reached XP level 7. HP: 48/66 MP: 6/6
  2494 | D:4      | Found a hide-covered altar of Uskayaw.
  2884 | D:5      | Entered Level 5 of the Dungeon
  2934 | D:5      | Reached skill level 8 in Unarmed Combat
  3047 | D:5      | Found a bloodstained altar of Trog.
  3255 | D:5      | Reached XP level 8. HP: 73/74 MP: 7/7
  3960 | D:6      | Found a staircase to the Ecumenical Temple.
  3974 | Temple   | Entered the Ecumenical Temple
  4116 | D:6      | Reached skill level 9 in Unarmed Combat
  4125 | D:6      | Found an iron altar of Okawaru.
  4125 | D:6      | Found a shimmering altar of Xom.
  4637 | D:7      | Noticed Pikel
  4653 | D:7      | Killed Pikel
  4653 | D:7      | Reached skill level 6 in Shields
  4653 | D:7      | Reached skill level 10 in Unarmed Combat
  4653 | D:7      | Reached XP level 9. HP: 47/80 MP: 8/8
  4750 | D:6      | Found a bloodstained altar of Trog.
  4762 | D:6      | Became a worshipper of Warmaster Okawaru
  4762 | D:6      | Reached * piety under Okawaru
  4762 | D:6      | Reached ** piety under Okawaru
  5791 | D:8      | Noticed Prince Ribbit
  5795 | D:8      | Reached *** piety under Okawaru
  5815 | D:8      | Killed Prince Ribbit
  5815 | D:8      | Reached skill level 11 in Unarmed Combat
  6025 | D:8      | Found Miph's Antique Weapon Emporium.
  6267 | D:9      | Noticed an eight-headed hydra
  6408 | D:9      | Noticed a troll
  6418 | D:9      | Killed a troll
  6418 | D:9      | Reached XP level 10. HP: 66/88 MP: 9/9
  6485 | D:9      | Reached skill level 3 in Dodging
  6485 | D:9      | Reached XP level 11. HP: 91/101 MP: 9/13
  6927 | D:10     | Entered Level 10 of the Dungeon
  6927 | D:10     | Noticed a hill giant
  6932 | D:10     | Reached **** piety under Okawaru
  6943 | D:10     | Killed a hill giant
  6986 | D:10     | Noticed Grum
  7003 | D:10     | Killed Grum
  7037 | D:10     | Noticed a hill giant
  7045 | D:10     | Killed a hill giant
  7062 | D:10     | Found Heapsikh's Assorted Antiques.
  7074 | D:10     | Bought an orange potion for 23 gold pieces
  7074 | D:10     | Bought a scroll of teleportation for 78 gold pieces
  7074 | D:10     | Bought a scroll labeled ISHRYRCHYXAO for 26 gold pieces
  7074 | D:10     | Bought a fizzy inky potion for 23 gold pieces
  7074 | D:10     | Bought a wooden ring for 130 gold pieces
  7136 | D:10     | Reached skill level 12 in Unarmed Combat
  7344 | D:10     | Paralysed by a hornet for 3 turns
  7349 | D:10     | Reached skill level 9 in Shields
  7354 | D:10     | Reached ***** piety under Okawaru
  7477 | D:10     | Received a gift from Okawaru
  7687 | D:11     | Noticed a white ugly thing
  7690 | D:11     | Noticed a hill giant
  7693 | D:11     | Killed a white ugly thing
  7697 | D:11     | Killed a hill giant
  7914 | D:11     | Found a flagged portal.
  7937 | Bailey   | Entered a bailey
  8075 | Bailey   | Reached skill level 1 in Throwing
  8389 | Bailey   | Reached skill level 3 in Throwing
  8680 | D:11     | Received a gift from Okawaru
  8680 | D:11     | Reached XP level 12. HP: 77/110 MP: 14/14
  8736 | D:11     | Slain by an eight-headed hydra

Skill      XL: |  1  2  3  4  5  6  7  8  9 10 11 |
---------------+----------------------------------+-----
Unarmed Combat | 4 5 6 7 8 10 11 12 | 12.5
Shields        | 1 3 4 6 7 9 |  9.5
Fighting       | 4 |  4.8
Armour         | 4 |  4.0
Dodging        | 3 |  3.7
Invocations    | 4 |  4.4
Evocations     | 2 |  2.3
Throwing       | 3 |  3.9
Stealth        | |  1.0

Action                   |  1- 3 |  4- 6 |  7- 9 | 10-12 || total
-------------------------+-------+-------+-------+-------++-------
Melee: Unarmed           |    87 |    97 |   327 |   364 ||   875
       Punch             |       |     1 |       |       ||     1
Throw: Throwing net      |       |     1 |     1 |       ||     2
       Javelin           |       |       |       |    19 ||    19
       Large rock        |       |       |       |    10 ||    10
Invok: Heroism           |       |       |       |     1 ||     1
Evoke: Wand              |       |       |     6 |     2 ||     8
  Use: Scroll            |       |     5 |    12 |     7 ||    24
       Potion            |       |       |       |     2 ||     2
 Stab: Sleeping          |     2 |     2 |     4 |     1 ||     9
       Distracted        |       |       |     1 |     1 ||     2
  Eat: Chunk             |    16 |     9 |    38 |    23 ||    86
Armor: Robe              |    20 |    17 |    44 |       ||    81
       Troll leather arm |       |       |       |    80 ||    80
Dodge: Dodged            |    64 |    42 |    71 |   151 ||   328
Block: Large shield      |       |     1 |   189 |   427 ||   617
